 Dungeon Crawl Stone Soup version 0.30-b1-2-g02819fbbbe (webtiles) character file.

Game seed: 955007421141935285

970 MajorAdolf the Firebug (level 8, -2/62 (67) HPs)
             Began as a Naga Wanderer on May 14, 2023.
             Was an Initiate of Gozag.
             Slain by a troll zombie (4 damage)
             ... in an ossuary.
             The game lasted 00:14:21 (7487 turns).

MajorAdolf the Firebug (Naga Wanderer)              Turns: 7487, Time: 00:14:22

HP:   -2/62 (67)    AC:  3    Str: 16 (17) XL:     8   Next: 16%
MP:   9/17          EV:  9    Int: 15 (16) God:    Gozag
Gold: 471           SH:  0    Dex:  6 (7)  Spells: 16/19 levels left

rFire   . . .        h - +0 spear (protect)
rCold   + . .        (no shield)
rNeg    . . .        q - +0 robe
rPois   +            (no helmet)
rElec   .            (no cloak)
rCorr   .            (no gloves)
SInv    +            (no barding)
Will    +....        (no amulet)
Stlth   +            p - ring of protection from cold
HPRegen 0.30/turn    (no ring)
MPRegen 0.15/turn

%: no passive effects
@: drained, very slow
A: AC +2, large, see invisible, deformed body, poison resistance, slowness 2,
spit poison 1, naga tail 1
a: Spit Poison, Renounce Religion, Potion Petition, Call Merchant, Bribe Branch


You were in an ossuary.
You worshipped Gozag.
Gozag was aware of your devotion.
You visited 2 branches of the dungeon, and saw 9 of its levels.
You also visited: Ossuary.

You collected 627 gold pieces.
You spent 96 gold pieces at shops.
You paid 60 gold pieces to Gozag.

Inventory:

Hand Weapons
 h - a +0 spear of protection (weapon)
Armour
 q - a +0 robe (worn)
Jewellery
 c - a ring of positive energy
 p - a ring of protection from cold (left hand)
Wands
 a - a wand of paralysis (1)
Scrolls
 f - 2 scrolls of enchant weapon
 i - 2 scrolls of blinking
 j - a scroll of vulnerability
 k - a scroll of brand weapon
 t - a scroll of silence
Potions
 b - a potion of flight {unknown}
 d - a potion of heal wounds
 e - a potion of mutation {unknown}
 g - 2 potions of berserk rage {unknown}
 l - a potion of haste {unknown}
 m - a potion of degeneration
 n - a potion of cancellation {unknown}
 o - a potion of curing
 s - 2 potions of lignification {unknown}


   Skills:
 - Level 2.0 Fighting
 - Level 1.0 Short Blades
 - Level 1.0 Throwing
 + Level 6.1 Spellcasting
 + Level 7.7 Fire Magic


You had 16 spell levels left.
You knew the following spells:

 Your Spells              Type           Power      Damage    Failure   Level
a - Foxfire               Conj/Fire      64%        2x1d7     3%          1
b - Poisonous Vapours     Pois/Air       8%         N/A       22%         2

Your spell library contained the following spells:

 Spells                   Type           Power      Damage    Failure   Level
 Inner Flame              Hex/Fire       16%        N/A       9%          3
 Volatile Blastmotes      Fire/Tloc      32%        2d12      9%          3
 Slow                     Hex            16%        N/A       14%         1
 Sting                    Tmut/Pois      16%        1d3       14%         1
 Cigotuvi's Dreadful Rot  Necr/Pois/Air  8%         N/A       22%         2
 Static Discharge         Conj/Air       8%         2-3/arc   22%         2
 Flame Wave               Conj/Fire      16%        2d7       30%         4
 Sticky Flame             Conj/Fire      16%        2d4       30%         4
 Dazzling Flash           Conj/Hex       8%         N/A       41%         3
 Airstrike                Air            2%         2d(1-17)  82%         4
 Dispel Undead            Necr           4%         3d7       82%         4
 Iskenderun's Mystic Bla  Conj/Tloc      4%         2d3       82%         4
 Olgreb's Toxic Radiance  Pois           4%         N/A       82%         4
 Summon Lightning Spire   Summ/Air       4%         N/A       82%         4
 Agony                    Necr           4%         N/A       99%         5
 Silence                  Hex/Air        2%         N/A       99%         5
 Yara's Violent Unravell  Hex/Tmut       2%         3d3       99%         5
 Starburst                Conj/Fire      8%         6d4       99%         6
 Death Channel            Necr           2%         N/A       100%        6
 Enfeeble                 Hex            2%         N/A       100%        7
 Infestation              Necr           2%         N/A       100%        8


Dungeon Overview and Level Annotations

Branches:
Dungeon (8/15)             Temple (1/1) D:4         Ossuary (1/1)
   Lair: D:8-11

Altars:
Cheibriados
Dithmenos
Fedhas
Gozag
Hepliaklqana
Kikubaaqudgha
Makhleb
Okawaru
Qazlal
Sif Muna
Trog
Uskayaw
Vehumet
Wu Jian
Xom
Yredelemnul
Zin
The Shining One

Shops:
D:2 *(??   D:4 ?


Innate Abilities, Weirdness & Mutations

Your serpentine skin is tough. (AC +2)
You have supernaturally acute eyesight. (SInv)
Armour fits poorly on your strangely shaped body.
Your system is resistant to poisons. (rPois)
You cover ground very slowly.
You can spit poison.
You have a snake-like lower body.


Message History

The troll zombie claws you but does no damage.
The troll zombie claws you.
You conjure some foxfire!
The foxfire hits the troll zombie.
The troll zombie is severely damaged.
The foxfire hits the troll zombie.
The troll zombie is severely damaged.
The foxfire hits the troll zombie.
The troll zombie is severely damaged.
The troll zombie bites you! The troll zombie completely misses you.
The troll zombie claws you!
* * * LOW HITPOINT WARNING * * *
You are too injured to fight recklessly!
You are too injured to fight recklessly!
Unknown command.
You are too injured to fight recklessly!
Unknown command.
Unknown command.
You are too injured to fight recklessly!
The foxfire hits the troll zombie.
The troll zombie is severely damaged.
The foxfire hits the troll zombie.
The troll zombie is almost destroyed.
You are too injured to fight recklessly!
Casting: Foxfire (safe; 3% risk of failure)
Confirm with . or Enter, or press ? or * to list all spells.
You conjure some foxfire!
The troll zombie closely misses you. x2
The troll zombie claws you but does no damage.
Unknown command.
Unknown command.
Casting: Foxfire (safe; 3% risk of failure)
Confirm with . or Enter, or press ? or * to list all spells.
You conjure some foxfire!
The foxfire hits the troll zombie.
The troll zombie is almost destroyed.
The foxfire hits the troll zombie!
The troll zombie is almost destroyed.
The troll zombie bites you!
* * * LOW HITPOINT WARNING * * *
The troll zombie claws you.
You die...
Your body crumbles into a pile of gold.

##############
............v#
...........Z@#
###+###'###.v#
#...#..#
#'#.#..#
...#ยง#..#
#....###..#
#....#.'..#
#....#.#..#
######.#..#


You could see a troll zombie (ally target).

Vanquished Creatures
  A black bear (D:5)
  2 elf zombies (Ossuary)
  2 scorpions
  A jelly (D:4)
  A hound (D:6)
  2 gnoll boudas
  An orc priest (D:5)
  A sleepcap (D:4)
  6 orc wizards
  An ogre zombie (Ossuary)
  A mummy (Ossuary)
  7 gnolls
  8 adders
  2 white imps
  3 ufetubi
  2 adder zombies (Ossuary)
  2 dart slugs
  17 orcs
  5 endoplasms
  A giant cockroach (D:1)
  6 goblins
  4 hobgoblins (D:1)
  6 kobolds
  7 ball pythons
  9 bats
  2 frilled lizards
  2 goblin zombies (Ossuary)
  2 hobgoblin zombies (Ossuary)
  3 kobold zombies (Ossuary)
  2 quokka zombies (Ossuary)
  3 rats
  A rat zombie (Ossuary)
113 creatures vanquished.

Vanquished Creatures (others)
  585 foxfires
585 creatures vanquished.

Grand Total: 698 creatures vanquished

Notes
Turn   | Place    | Note
-------+----------+-------------------------------------------
     0 | D:1      | MajorAdolf the Naga Wanderer began the quest for the Orb.
     0 | D:1      | MajorAdolf set off with the following items: a +1 short
                  | sword, a scroll of fear, a +0 leather armour; and the
                  | following spell memorised: Foxfire; and the following
                  | spells available to memorise: Flame Wave, Sticky Flame.
     0 | D:1      | Reached XP level 1. HP: 19/19 MP: 3/3
   199 | D:1      | Reached XP level 2. HP: 26/26 MP: 0/5
   665 | D:1      | Reached XP level 3. HP: 32/32 MP: 6/6
  1263 | D:1      | Found a faded altar of an unknown god.
  1423 | D:2      | Found Zurosar's Antique Weapon Shop.
  1508 | D:2      | Found Dyoteguc's Assorted Antiques.
  1529 | D:2      | Found Duakkoe's Magic Scroll Shoppe.
  1561 | D:2      | Found Goefenyuso's Magic Scroll Emporium.
  2095 | D:2      | Reached XP level 4. HP: 34/39 MP: 8/8
  2581 | D:3      | Reached skill level 5 in Fire Magic
  2905 | D:3      | Found an iron altar of Okawaru.
  2938 | D:3      | Found a hide-covered altar of Uskayaw.
  3576 | D:4      | Reached XP level 5. HP: 45/45 MP: 6/10
  3637 | D:4      | Found a staircase to the Ecumenical Temple.
  3694 | Temple   | Entered the Ecumenical Temple
  3799 | Temple   | Became a worshipper of Gozag Ym Sagoz the Greedy
  3827 | D:4      | Got the Volume of the Cemetery and Misfortune
  3829 | D:4      | Found Huaner's Magic Scroll Shop.
  3971 | D:4      | Reached XP level 6. HP: 52/52 MP: 4/12
  4158 | D:4      | Learned a level 2 spell: Poisonous Vapours
  4473 | D:5      | Entered Level 5 of the Dungeon
  4532 | D:5      | Reached skill level 6 in Fire Magic
  4867 | D:2      | Bought a sharpened iron wand for 96 gold pieces
  5020 | D:5      | Found a snail-covered altar of Cheibriados.
  5291 | D:5      | Noticed a black bear
  5299 | D:5      | Killed a black bear
  5300 | D:5      | Reached skill level 5 in Spellcasting
  5300 | D:5      | Reached XP level 7. HP: 47/60 MP: 6/14
  6184 | D:6      | Found a shimmering altar of Xom.
  6185 | D:6      | Found a burning altar of Makhleb.
  6400 | D:7      | Reached skill level 7 in Fire Magic
  6735 | D:7      | Found a sand-covered staircase.
  6744 | Ossuary  | Entered an ossuary
  6844 | Ossuary  | Reached XP level 8. HP: 26/56 MP: 2/16
  7487 | Ossuary  | HP: 2/62 [troll zombie (13)]
  7487 | Ossuary  | Slain by a troll zombie

Illustrated notes

Levels and vault maps discovered:
D:1:      sevenhm_arrival_forest_fort_small_3, layout_basic,
          basic_ecumenical_altar, serial_aquarium, aquarium_bridge_square
          [aquarium_subvault_bridge, aquarium_subvault_wall,
          aquarium_subvault_wall, aquarium_subvault_wall], aquarium_window_fake,
          aquarium_window_1, aquarium_view_2f, nrook_campfire
D:2:      layout_loops_corners, serial_shops, shop, shop, shop, shop,
          serial_park_tiny_1
D:3:      layout_loops_ring, mainiacjoe_overflow_big_doors
D:4:      layout_cave_pools, minmay_temple_entry_statues_fountains,
          serial_shops, shop_fountains, chequers_mini_garden
D:5:      layout_loops_corners, mainiacjoe_overflow_paths
D:6:      layout_cave_pools, grunt_temple_overflow_champion_of_chaos,
          hangedman_ru_absence, evilmike_ruin_ashenzari,
          gammafunk_ghost_cemetery
D:7:      layout_loops_ring, nicolae_ossuary_entry_ruins, minmay_quadrilaterals
D:8:      minmay_weird_star, layout_layer_cave, kennysheep_small_circle
Temple:   nicolae_temple_god_jail
Ossuary:  ossuary_boxes_badplayer

Skill      XL: |  1  2  3  4  5  6  7  8 |
---------------+-------------------------+-----
Spellcasting   | 3 4 5 6 |  6.1
Fire Magic     | 5 6 7 |  7.7
Fighting       | |  2.0
Short Blades   | |  1.0
Throwing       | |  1.0

Action                     |  1- 3 |  4- 6 |  7- 9 || total
---------------------------+-------+-------+-------++-------
  Melee: Spear             |     6 |    51 |    36 ||    93
         Short sword       |     5 |       |       ||     5
   Cast: Foxfire           |    49 |   120 |   167 ||   336
Ability: Spit Poison       |     9 |    10 |     4 ||    23
  Evoke: Wand              |       |       |     4 ||     4
    Use: Scroll            |       |     5 |     4 ||     9
         Potion            |       |       |     4 ||     4
 Armour: Leather armour    |     7 |    21 |       ||    28
         Robe              |       |     8 |    29 ||    37
  Dodge: Dodged            |    14 |    52 |    74 ||   140
